 Dungeon Crawl Stone Soup version 0.32-a0-859-gb0a091d592 (webtiles) character file.

Game seed: 15270381432477020766

2641 anonymouscript the Cleaver (level 9, -9/79 HPs)
             Began as a Minotaur Berserker on Mar 28, 2024.
             Was an Elder of Trog.
             Killed by an exploding wight (55 damage)
             ... ignited by their inner flame
             ... on level 8 of the Dungeon.
             The game lasted 00:32:34 (6605 turns).

anonymouscript the Cleaver (Minotaur Berserker)     Turns: 6605, Time: 00:32:34

Health: -9/79      AC:  8    Str: 23    XL:     9   Next: 35%
Magic:  8/8        EV: 12    Int:  4    God:    Trog [****..]
Gold:   167        SH: 15    Dex: 19    Spells: 8/8 levels left

rFire   . . .        G - +1 war axe
rCold   . . .        E - +0 tower shield
rNeg    . . .        J - +2 robe {Will+}
rPois   +            (helmet restricted)
rElec   .            o - +0 cloak
rCorr   .            C - +2 pair of gloves
SInv    .            (no boots)
Will    +....        (no amulet)
Stlth   +++          Q - +6 ring of dexterity
HPRegen 0.33/turn    r - ring of poison resistance
MPRegen 0.11/turn

%: no passive effects
@: no status effects
A: horns 2, retaliatory headbutt
a: Renounce Religion, Berserk, Trog's Hand, Brothers in Arms


You were on level 8 of the Dungeon.
You worshipped Trog.
Trog was greatly pleased with you.
You visited 1 branch of the dungeon, and saw 8 of its levels.

You collected 451 gold pieces.
You spent 284 gold pieces at shops.

Inventory:

Hand Weapons
 a - a +0 hand axe
 G - a +1 war axe (weapon)
 N - the +8 trident of Objectivity {drain, rC+ Str+2 Int+2}
   (You found it on level 5 of the Dungeon)

   Str+2:     It affects your strength (+2).
   Int+2:     It affects your intelligence (+2).
   rC+:       It protects you from cold.
Missiles
 i - 4 boomerangs
 w - 11 poisoned darts (quivered)
 D - 2 throwing nets
Armour
 k - a +0 plate armour
 o - a +0 cloak (worn)
 C - a +2 pair of gloves (worn)
 E - a +0 tower shield (worn)
 J - a +2 robe of willpower (worn)
Jewellery
 e - a ring of resist corrosion
 r - a ring of poison resistance (right hand)
 t - a ring of fire
 O - a ring of fire
 Q - a +6 ring of dexterity (left hand)
 R - an amulet of regeneration
Wands
 b - a wand of flame (37)
 I - a wand of warping (22)
Scrolls
 f - a scroll of fog {unknown}
 g - 2 scrolls of blinking {unknown}
 h - 2 scrolls of enchant weapon
 j - 2 scrolls of amnesia
 n - 2 scrolls of teleportation {unknown}
 p - a scroll of revelation {unknown}
 s - 2 scrolls of torment {unknown}
 x - a scroll of poison {unknown}
 y - 2 scrolls of vulnerability
 z - a scroll of fear {unknown}
 B - a scroll of brand weapon {unknown}
 F - a scroll of acquirement {unknown}
 H - a scroll of enchant armour {unknown}
 K - 2 scrolls of silence {unknown}
 P - a scroll of immolation
Potions
 c - 2 potions of enlightenment {unknown}
 d - 3 potions of heal wounds
 l - 2 potions of ambrosia
 m - a potion of attraction
 q - 3 potions of haste
 u - 2 potions of degeneration {unknown}
 v - 3 potions of curing
 A - a potion of lignification {unknown}
 L - a potion of resistance {unknown}
 M - a potion of invisibility


   Skills:
 + Level 7.5 Fighting
 + Level 10.5 Axes
 + Level 0.7 Throwing
 + Level 3.0 Armour
 + Level 6.2 Dodging
 + Level 3.0 Stealth
 + Level 5.1 Shields


You had 8 spell levels left.
You didn't know any spells.
Your spell library was empty.

Dungeon Overview and Level Annotations

Branches:
Dungeon (8/15)             Temple (0/1) D:6
   Lair: D:8-11

Altars:
Cheibriados
Dithmenos
Fedhas
Gozag
Makhleb
Nemelex Xobeh
Okawaru
Vehumet
Xom
Yredelemnul

Shops:
D:4 !   D:7 [


Innate Abilities, Weirdness & Mutations

You have a pair of horns on your head.
You reflexively headbutt those who attack you in melee.


Message History

Trog accepts your kill. You block the gnoll sergeant's attack.
Your Shields skill increases to level 5!
You completely miss the gnoll sergeant.
The gnoll sergeant is moderately wounded.
You block the gnoll sergeant's attack.
You barely miss the gnoll sergeant.
The gnoll sergeant is moderately wounded.
You block the gnoll sergeant's attack.
You hit the gnoll sergeant. You headbutt the gnoll sergeant!
The gnoll sergeant is severely wounded.
You block the gnoll sergeant's attack. x2
You slash the gnoll sergeant!
You kill the gnoll sergeant!
Trog accepts your kill.
You now have 167 gold pieces (gained 20).
As you read the scroll labelled ZISHRE SNT SIU, it crumbles to dust.
It is a scroll of amnesia.
You feel forgetful for a moment.
You see here a +0 spear.
Found a stone staircase leading down.
A wight comes into view.
It is wielding a +4 short sword of freezing. 2 wights come into view.
As you read the scroll labelled IDUTUNL YNWA, it crumbles to dust.
The creatures around you are filled with an inner flame!
It was a scroll of immolation.
You hear the steady creaking of a very distant portcullis.
Throw: 4 boomerangs
Press: ? - help, Shift-Dir - straight line, f - wight
Aim: a wight, wielding a +4 short sword of freezing and wearing a +0 robe (inner flame, 62% to hit)
You throw a boomerang. The boomerang barely misses the wight.
You slash the wight!
Flame seeps out of the wight.
Your headbutt misses the wight.
The wight is heavily damaged.
The wight is engulfed in blazing flames.
Trog accepts your kill.
The wight explodes!
The fiery explosion engulfs you!!!
Ouch! That really hurt!
You die...

#### ... ##..###.z.
#.........
#....>........#
#....z. ..!..(#
####.§.# #...|.
#..§○§.####...##
#..@§.........#
#..........>..#
#.............#
#.............#
##....).##...##
#....)))####'#######
#......)+...........
##......#.....#####.
############## #.


You could see 2 wights.

Vanquished Creatures
  Sigmund (D:4)
  2 acid dragons (D:8)
  An orc warrior (D:6)
  A black bear (D:6)
  6 centaurs
  2 phantoms
  A gnoll sergeant (D:8)
  A scorpion (D:5)
  A bullfrog (D:8)
  3 wights (D:8)
  A killer bee (D:8)
  2 howler monkeys
  4 hounds
  2 orc priests
  4 jellies
  2 sleepcaps (D:5)
  6 iguanas
  Ijyb (D:4)
  Jessica (D:3)
  6 orc wizards
  Robin (D:4)
  8 adders
  8 gnolls
  A white imp (D:3)
  2 ufetubi (D:6)
  8 dart slugs
  34 orcs
  4 ball pythons
  4 endoplasms
  4 giant cockroaches (D:1)
  17 goblins
  9 hobgoblins
  4 jackals (D:1)
  12 kobolds
  3 quokkas
  3 frilled lizards
  2 rats
172 creatures vanquished.

Notes
Turn   | Place    | Note
-------+----------+-------------------------------------------
     0 | D:1      | anonymouscript the Minotaur Berserker began the quest for
                  | the Orb.
     0 | D:1      | Reached XP level 1. HP: 19/19 MP: 0/0
   114 | D:1      | Reached skill level 4 in Axes
   114 | D:1      | Reached XP level 2. HP: 19/27 MP: 1/1
   315 | D:1      | Reached XP level 3. HP: 25/33 MP: 2/2
   419 | D:1      | Found a faded altar of an unknown god.
   421 | D:1      | Noticed a shining eye
   421 | D:1      | Noticed a shining eye
   432 | D:1      | Noticed a golden eye
   435 | D:1      | Noticed a shining eye
   448 | D:1      | Reached ** piety under Trog
  1036 | D:2      | Reached XP level 4. HP: 32/41 MP: 3/3
  1282 | D:2      | Reached skill level 5 in Axes
  1609 | D:3      | Found a sparkling altar of Nemelex Xobeh.
  1678 | D:3      | Reached XP level 5. HP: 34/47 MP: 4/4
  1688 | D:3      | Reached skill level 1 in Stealth
  2075 | D:3      | Noticed Jessica
  2094 | D:3      | Killed Jessica
  2095 | D:3      | Reached skill level 5 in Fighting
  2151 | D:3      | Found a snail-covered altar of Cheibriados.
  2207 | D:3      | Reached skill level 6 in Axes
  2275 | D:3      | Reached XP level 6. HP: 56/56 MP: 5/5
  2868 | D:4      | Noticed Ijyb
  2870 | D:4      | Found a shimmering altar of Xom.
  3075 | D:4      | You fall into a shaft and drop 3 floors!
  3083 | D:7      | Found a basalt altar of Yredelemnul.
  3343 | D:7      | Reached *** piety under Trog
  3349 | D:7      | Reached skill level 7 in Axes
  3349 | D:7      | Reached XP level 7. HP: 52/62 MP: 6/6
  3350 | D:7      | Found Modal's Antique Armour Emporium.
  3359 | D:7      | Bought a tower shield for 108 gold pieces
  3569 | D:7      | Found a radiant altar of Vehumet.
  3661 | D:7      | Found a blossoming altar of Fedhas.
  3771 | D:6      | Found an iron altar of Okawaru.
  3805 | D:6      | Found a staircase to the Ecumenical Temple.
  3827 | D:6      | Reached skill level 1 in Shields
  4022 | D:6      | Reached skill level 8 in Axes
  4100 | D:5      | Entered Level 5 of the Dungeon
  4105 | D:4      | Noticed Sigmund
  4111 | D:4      | Killed Sigmund
  4112 | D:4      | Reached XP level 8. HP: 69/71 MP: 7/7
  4159 | D:4      | Found an opulent altar of Gozag.
  4245 | D:4      | Killed Ijyb
  4281 | D:4      | Noticed Robin
  4300 | D:4      | Killed Robin
  4300 | D:4      | Reached **** piety under Trog
  4301 | D:4      | Reached skill level 5 in Dodging
  4607 | D:4      | Found Ajyr's Distillery.
  4615 | D:4      | Bought a potion of ambrosia for 88 gold pieces
  4615 | D:4      | Bought a potion of invisibility for 88 gold pieces
  5068 | D:5      | Identified the +8 trident of Objectivity {drain, rC+ Str+2
                  | Int+2}
  5243 | D:5      | Reached skill level 9 in Axes
  5798 | D:5      | Found a burning altar of Makhleb.
  5798 | D:5      | Noticed a balrug
  6148 | D:6      | Found a shadowy altar of Dithmenos.
  6448 | D:8      | Reached XP level 9. HP: 30/79 MP: 8/8
  6450 | D:8      | Reached skill level 10 in Axes
  6588 | D:8      | Reached skill level 5 in Shields
  6605 | D:8      | Killed by an exploding wight... ignited by their inner
                  | flame

Illustrated notes

Levels and vault maps discovered:
D:1:      dpeg_arrival_tiny_k, layout_rooms,
          hellmonk_ecumenical_altar_watching_god, minmay_misc_feat_x,
          skrybe_limestone_x, ebering_dispersal_statue_hall
D:2:      layout_loops_ring
D:3:      layout_basic, cheibriados_altar_1, amcnicky_altar_gilded,
          kennysheep_jessica_study
D:4:      layout_cave_pods, mainiacjoe_overflow_paths,
          nicolae_gozag_seed_capital, serial_shops, nicolae_shop_peninsula,
          uniq_robin, uniq_ijyb, uniq_sigmund
D:5:      layout_cave_pods, makhleb_altar_promises_db, minmay_crystal_room,
          minmay_quadrilaterals
D:6:      layout_cave_pools, okawaru_ov_weapons_minmay,
          nicolae_dithmenos_shadow_blocks, minmay_temple_entry_ruins,
          kennysheep_decorative_pillar
D:7:      layout_rooms, lemuel_round_altar, mainiacjoe_overflow_24_doors,
          mainiacjoe_overflow_alcove_1, serial_shops, shop, serial_park_tiny_1
D:8:      kennysheep_six_static_rooms, layout_gridville, enter_bailey_5,
          serial_library_hellmonk_layered_room, uniq_jeremiah

Skill      XL: |  1  2  3  4  5  6  7  8  9 |
---------------+----------------------------+-----
Axes           | 4 5 6 7 8 9 10 | 10.5
Fighting       | 4 5 6 7 |  7.5
Armour         | 3 |  3.0
Dodging        | 3 4 5 6 |  6.2
Stealth        | 1 2 3 |  3.0
Shields        | 2 4 5 |  5.1
Throwing       | |  0.7

Action                     |  1- 3 |  4- 6 |  7- 9 || total
---------------------------+-------+-------+-------++-------
  Melee: Hand axe          |    76 |   114 |    22 ||   212
         Headbutt          |     6 |    18 |    54 ||    78
         War axe           |       |       |   225 ||   225
  Throw: Dart              |       |     4 |       ||     4
         Boomerang         |       |       |     1 ||     1
 Invoke: Trog's Hand       |       |       |     3 ||     3
    Use: Scroll            |       |     4 |     4 ||     8
         Potion            |       |       |     1 ||     1
   Stab: Sleeping          |     1 |       |     5 ||     6
 Armour: Animal skin       |    44 |    96 |    36 ||   176
         Robe              |       |       |   113 ||   113
  Dodge: Dodged            |    60 |    54 |   105 ||   219
  Block: Tower shield      |       |       |   233 ||   233

Table legend: (Time is in decaauts)
 A = Elapsed time spent in this place.
 B = Non-inter-level travel time spent in this place.
 C = Inter-level travel time spent in this place.
 D = Time resting spent in this place.
 E = Time spent auto-exploring this place.
 F = Levels seen in this place.
 G = Mean time per level.
                   A        B        C        D        E       F      G
               +--------+--------+--------+--------+--------+-----+--------+
         Total |   6690 |   6449 |    241 |    107 |   4816 |   8 |  836.2 |
       Dungeon |   6690 |   6449 |    241 |    107 |   4816 |   8 |  836.2 |
               +--------+--------+--------+--------+--------+-----+--------+

Top non-repeatable levels by time:
     D:4: 1182 daAuts
     D:3: 1167 daAuts
     D:5: 1057 daAuts
     D:2: 916 daAuts
     D:7: 709 daAuts
     D:1: 698 daAuts
     D:6: 653 daAuts
     D:8: 304 daAuts
